 Dungeon Crawl Stone Soup version 0.21.1-1-g345015f (webtiles) character file.

30 tidbits the Insei (level 3, 0/28 HPs)
             Began as a Gnoll Transmuter on Feb 8, 2018.
             Slain by Robin
             ... wielding a +2 spear of flaming
              (1 damage)
             ... on level 2 of the Dungeon.
             The game lasted 00:02:52 (226 turns).

tidbits the Insei (Gnoll Transmuter)                 Turns: 226, Time: 00:02:52

Health: 0/28       AC:  2    Str: 12    XL:     3   Next: 20%
Magic:  1/9        EV: 14    Int: 16    God:
Gold:   26         SH:  0    Dex: 15    Spells: 9/12 levels left

rFire    . . .     SeeInvis .     - Unarmed
rCold    . . .     Gourm    .   (no shield)
rNeg     . . .     Faith    .   b - +0 robe
rPois    .         Spirit   .   (no helmet)
rElec    .         Reflect  .   (no cloak)
rCorr    .         Harm     .   (no gloves)
MR       .....                  (boots currently unavailable)
Stlth    ++........             (no amulet)
HPRegen  0.09/turn              (no ring)
MPRegen  0.11/turn              (no ring)

@: appendage
A: distributed training, fangs 1, talons 3, strong nose
a: End Transformation


You were on level 2 of the Dungeon.
You were not hungry.
You had grown temporary talons.
You visited 1 branch of the dungeon, and saw 2 of its levels.

You collected 26 gold pieces.

Inventory:

Hand Weapons
 e - a +0 short sword
Missiles
 a - 7 arrows
 g - 3 tomahawks (quivered)
Armour
 b - a +0 robe (worn)
Books
 c - a book of Changes

   Spells                             Type                      Level
   a - Beastly Appendage              Transmutation                1
   b - Sticks to Snakes               Transmutation                2
   c - Spider Form                    Transmutation/Poison         3
   d - Ice Form                       Ice/Transmutation            4
   e - Blade Hands                    Transmutation                5
Comestibles
 d - 2 rations


   Skills:
 + Level 2.5 Fighting
 + Level 0.6 Short Blades
 + Level 0.6 Long Blades
 + Level 0.6 Axes
 + Level 0.6 Maces & Flails
 + Level 0.6 Polearms
 + Level 0.6 Staves
 + Level 0.6 Slings
 + Level 0.6 Bows
 + Level 0.6 Crossbows
 + Level 0.6 Throwing
 + Level 0.6 Armour
 + Level 4.5 Dodging
 + Level 0.6 Stealth
 + Level 0.6 Shields
 + Level 6.5 Unarmed Combat
 + Level 5.0 Spellcasting
 + Level 0.4 Conjurations
 + Level 0.4 Hexes
 + Level 0.4 Charms
 + Level 0.4 Summonings
 + Level 0.4 Necromancy
 + Level 0.4 Translocations
 + Level 3.7 Transmutations
 + Level 0.4 Fire Magic
 + Level 0.4 Ice Magic
 + Level 0.4 Air Magic
 + Level 0.4 Earth Magic
 + Level 0.4 Poison Magic
 + Level 0.8 Invocations
 + Level 0.6 Evocations


You had 9 spell levels left.
You knew the following spells:

 Your Spells              Type           Power        Failure   Level  Hunger
e - Beastly Appendage     Tmut           ###...       3%          1    None
k - Sticks to Snakes      Tmut           ###.....     4%          2    #......


Dungeon Overview and Level Annotations

Branches:
Dungeon (2/15)

Altars:

Annotations:
D:2 Robin


Innate Abilities, Weirdness & Mutations

Your experience applies equally to all skills.
You have very sharp teeth.
Your uncanny sense of smell can sniff out nearby items.
You have claws for feet.


Message History

The goblin wields a runed hunting sling.
The goblin shoots a stone.
The stone closely misses your ball python.
The stone closely misses you.
Your adder barely misses the goblin.
The goblins go into a battle-frenzy!
Unknown command.
Casting: Sticks to Snakes
Confirm with . or Enter, or press ? or * to list all spells.
You create a snake!
You now have 7 arrows.
The hobgoblin misses your adder.
Your adder barely misses the goblin.
The goblin hits your adder with a club. x2
Robin of the Strong Arm comes into view.
She is wielding a spear of flaming.
You swap places.
The goblin unwields an uncursed enchanted hunting sling.
The goblin hits you.
* * * LOW HITPOINT WARNING * * *
The hobgoblin hits your adder with a club.
Your adder bites the hobgoblin.
The hobgoblin dies!
Your ball python bites the goblin.
Your ball python grabs the goblin.
Your ball python constricts the goblin.
Something completely misses your adder.
You see here a club.
Unknown command.
You hit the goblin.
You kill the goblin!
The goblin closely misses your adder.
Your adder bites the hobgoblin.
The hobgoblin closely misses your adder.
A goblin comes into view.
Your adder bites the hobgoblin.
The hobgoblin is poisoned.
Your adder poisons the hobgoblin!
Something hits your adder.
Your adder dies!
The goblin moves out of view.
Your ball python barely misses the goblin. x2
Unknown command.
You miss the goblin.
The hobgoblin dies!
Your Spellcasting skill increases to level 5!
Your ball python misses the goblin.
Your ball python grabs the goblin.
Your ball python constricts the goblin.
The goblin closely misses your ball python.
The goblin barely misses your ball python.
Your ball python bites the goblin.
Your ball python barely misses the goblin.
You hit the goblin.
You kill the goblin!
Your horns disappear.
Something barely misses your ball python.
The goblin hits your ball python but does no damage.
Your ball python closely misses the goblin.
Your ball python grabs the goblin.
Your ball python constricts the goblin.
Unknown command.
You hit the goblin.
You kill the goblin!
Your ball python bites the goblin.
Your ball python misses the goblin.
You barely miss the goblin. You bite the goblin, but do no damage.
Your ball python bites the goblin.
Your ball python misses the goblin.
The goblin hits your ball python but does no damage.
Your ball python barely misses the goblin.
Your ball python closely misses the goblin.
The goblin hits you with a dagger.
* * * LOW HITPOINT WARNING * * *
Casting: Sticks to Snakes
Confirm with . or Enter, or press ? or * to list all spells.
Your feet morph into talons.
Your ball python closely misses the goblin. x3
Your ball python grabs the goblin.
Your ball python constricts the goblin.
The goblin hits your ball python with a dagger.
Your ball python dies!
Robin throws the goblin at you!
* * * LOW HITPOINT WARNING * * *
The goblin closely misses you.
Your ball python closely misses the goblin.
Your ball python misses the goblin.
You hit the goblin.
You kill the goblin!
The goblin closely misses you.
You punch the goblin!
You kill the goblin!
Your ball python closely misses the goblin. x2
The goblin closely misses you.
Robin hits you from afar with a spear of flaming.
* * * LOW HITPOINT WARNING * * *
Robin burns you.
* * * LOW HITPOINT WARNING * * *
You aren't carrying any potions.
Unknown command.
As you read the scroll labeled OSA URAUMIACK, it crumbles to dust.
It is a scroll of identify. a +0 club Your ball python misses the goblin.
Your ball python closely misses the goblin.
The goblin barely misses your ball python.
Robin throws the goblin at you!
You closely miss the goblin. Your kick misses the goblin.
Your ball python closely misses the goblin.
Your ball python barely misses the goblin.
The goblin barely misses you. The goblin closely misses you.
Robin hits you from afar with a spear of flaming.
* * * LOW HITPOINT WARNING * * *
Robin burns you.
You die...

∆ ################
.....g).)......# #
..#...#@..#...### .
...$.)gSg.......# .#
..#...#...#†..#.####.#
........(............#
###############......#
#.###.#.# #......#
#.......# #...#..#
##.###.### #......#
###...##.######.....##


You could see Robin, 2 goblins and a friendly ball python.

Vanquished Creatures
  An adder (D:2)
  A dart slug (D:1)
  A giant cockroach (D:1)
  7 goblins
  2 hobgoblins
  A jackal (D:1)
  A kobold (D:1)
  A bat (D:1)
  A frilled lizard (D:2)
  2 rats
18 creatures vanquished.

Vanquished Creatures (collateral kills)
  3 hobgoblins
3 creatures vanquished.

Grand Total: 21 creatures vanquished

Notes
Turn   | Place    | Note
-------+----------+-------------------------------------------
     0 | D:1      | tidbits the Gnoll Transmuter began the quest for the Orb.
     0 | D:1      | Reached XP level 1. HP: 17/17 MP: 6/6
    60 | D:1      | Reached XP level 2. HP: 13/23 MP: 5/7
    64 | D:1      | Learned a level 2 spell: Sticks to Snakes
   211 | D:2      | Reached XP level 3. HP: 14/28 MP: 2/9
   215 | D:2      | Noticed Robin
   218 | D:2      | Reached skill level 5 in Spellcasting
   226 | D:2      | HP: 1/28 [Robin/spear of flaming (5)]
   226 | D:2      | Slain by Robin

Skill      XL: |  1  2  3 |
---------------+----------+-----
Spellcasting   | 5 |  5.0
Fighting       | |  2.5
Short Blades   | |  0.6
Long Blades    | |  0.6
Axes           | |  0.6
Maces & Flails | |  0.6
Polearms       | |  0.6
Staves         | |  0.6
Slings         | |  0.6
Bows           | |  0.6
Crossbows      | |  0.6
Throwing       | |  0.6
Armour         | |  0.6
Dodging        | |  4.5
Stealth        | |  0.6
Shields        | |  0.6
Unarmed Combat | |  6.5
Conjurations   | |  0.4
Hexes          | |  0.4
Charms         | |  0.4
Summonings     | |  0.4
Necromancy     | |  0.4
Translocations | |  0.4
Transmutations | |  3.7
Fire Magic     | |  0.4
Ice Magic      | |  0.4
Air Magic      | |  0.4
Earth Magic    | |  0.4
Poison Magic   | |  0.4
Invocations    | |  0.8
Evocations     | |  0.6

Action                   || total
-------------------------++-------
Melee: Unarmed           ||    44
       Headbutt          ||     4
       Bite              ||     5
       Punch             ||     1
       Short sword       ||     9
 Cast: Beastly Appendage ||     8
       Sticks to Snakes  ||     5
  Use: Scroll            ||     1
 Stab: Sleeping          ||     1
Armor: Robe              ||    10
Dodge: Dodged            ||    29

Table legend:
 A = Turns spent in this place as a percentage of turns spent in the entire game.
 B = Non-inter-level travel turns spent in this place as a percentage of non-inter-level travel turns spent in the entire game.
 C = Inter-level travel turns spent in this place as a percentage of turns spent in this place.
 D = Turns resting spent in this place as a percentage of non-inter-level travel turns spent in this place.
 E = Turns spent auto-exploring this place as a percentage of non-inter-level travel turns spent in this place.
 F = Non-inter-level travel turns spent in this place divided by the number of levels of this place that you've seen.
                   A       B       C       D       E      F
               +-------+-------+-------+-------+-------+----------------------
         Total | 100.0 | 100.0 |   0.0 |   0.0 |   0.0 | 113.0
       Dungeon | 100.0 | 100.0 |   0.0 |   0.0 |   0.0 | 113.0
               +-------+-------+-------+-------+-------+----------------------

Table legend:
 A = Kills in this place as a percentage of kills in entire the game.
 B = Kills by you in this place as a percentage of kills by you in the entire game.
 C = Kills by friends in this place as a percentage of kills by friends in the entire game.
 D = Other kills in this place as a percentage of other kills in the entire game.
 E = Experience gained in this place as a percentage of experience gained in the entire game.
 F = Experience gained in this place divided by the number of levels of this place that you have seen.
                   A       B       C       D       E      F
               +-------+-------+-------+-------+-------+----------------------
         Total | 100.0 | 100.0 | 100.0 |   N/A | 100.0 |  22.0
       Dungeon | 100.0 | 100.0 | 100.0 |   N/A | 100.0 |  22.0
               +-------+-------+-------+-------+-------+----------------------

Vault maps used:
D:1:      shiori_arrival_maze, minivault_4, kennysheep_pointless_box
D:2:      lemuel_coloured_pillars_altar, overflow_temple_1_default,
          fedhas_altar_3, first_ration, uniq_robin, uniq_crazy_yiuf_cottage
